 Dungeon Crawl Stone Soup version 0.21.0 (webtiles) character file.

66 Hekarica the Magician (level 3, -2/24 HPs)
             Began as a Mummy Fire Elementalist on May 20, 2018.
             Slain by a worm (10 damage)
             ... on level 2 of the Dungeon.
             The game lasted 00:07:17 (1558 turns).

Hekarica the Magician (Mummy Fire Elementalist)     Turns: 1558, Time: 00:07:17

Health: -2/24      AC:  2    Str: 12    XL:     3   Next: 96%
Magic:  1/7        EV:  9    Int: 14    God:
Gold:   49         SH:  0    Dex: 12    Spells: 5/8 levels left

rFire    x . .     SeeInvis .   e - +0 club
rCold    + . .     Gourm    .   (no shield)
rNeg     + + +     Faith    .   a - +0 robe
rPois    ∞         Spirit   .   (no helmet)
rElec    .         Reflect  .   (no cloak)
rCorr    .         Harm     .   (no gloves)
MR       .....                  (no boots)
Stlth    ++........             (no amulet)
HPRegen  0.08/turn              (no ring)
MPRegen  0.10/turn              (no ring)

@: constricted
A: no food or potions, fire vulnerability, cold resistance 1, negative energy
resistance 3, torment resistance, unbreathing
a: no special abilities


You were on level 2 of the Dungeon.
You were not hungry.

You visited 1 branch of the dungeon, and saw 2 of its levels.

You collected 49 gold pieces.

Inventory:

Hand Weapons
 e - a +0 club (weapon)
Armour
 a - a +0 robe (worn)
Jewellery
 d - an uncursed ring of flight {unknown}
Scrolls
 c - a scroll of enchant armour {unknown}
 f - a scroll of magic mapping
 g - a scroll of identify {unknown}
Books
 b - a book of Flames

   Spells                             Type                      Level
   a - Flame Tongue                   Conjuration/Fire             1
   b - Throw Flame                    Conjuration/Fire             2
   c - Conjure Flame                  Conjuration/Fire             3
   d - Inner Flame                    Hexes/Fire                   3
   e - Sticky Flame                   Conjuration/Fire             4
   f - Fireball                       Conjuration/Fire             5


   Skills:
 + Level 2.0 Dodging
 + Level 2.2 Stealth
 + Level 3.3 Spellcasting
 * Level 2.0 Conjurations
 - Level 2.4 Fire Magic


You had 5 spell levels left.
You knew the following spells:

 Your Spells              Type           Power        Failure   Level  Hunger
a - Throw Flame           Conj/Fire      #.....       12%         2    N/A
b - Flame Tongue          Conj/Fire      #....        9%          1    N/A

Dungeon Overview and Level Annotations

Branches:
Dungeon (2/15)

Altars:


Innate Abilities, Weirdness & Mutations

You do not eat or drink.
Your flesh is vulnerable to fire.
You are immune to poison.
Your flesh is cold resistant. (rC+)
You are immune to negative energy. (rN+++)
You are immune to unholy pain and torment.
You can survive without breathing.


Message History

The worm completely misses you.
You hit the worm.
The worm is lightly wounded.
The ball python bites you but does no damage.
The ball python barely misses you. The worm barely misses you.
You barely miss the worm.
The worm is lightly wounded.
The ball python closely misses you. The ball python grabs you.
The ball python constricts you. The ball python completely misses you.
The ball python constricts you.
You hit the worm.
The worm is lightly wounded.
The ball python misses you. The ball python constricts you. The worm bites you!
Ouch! That really hurt!
You hit the worm.
The worm is moderately wounded.
The ball python bites you. The ball python constricts you.
The ball python closely misses you. The ball python constricts you.
The worm bites you!
You die...

.# ... #### ..!.
#########..# ....#
##..........# ....#
###..########.#
#..####)..## #.#
#.w.....##########.#
#.S@###>........!...
#.### ########......
# #...... #......
#...).. #......
#...... ####### #


You could see a worm and a ball python.

Vanquished Creatures
  3 adders (D:2)
  An ooze (D:2)
  2 dart slugs
  A leopard gecko (D:1)
  2 giant cockroaches
  6 goblins
  5 hobgoblins
  2 kobolds (D:1)
  3 bats
  3 rats
28 creatures vanquished.

Notes
Turn   | Place    | Note
-------+----------+-------------------------------------------
     0 | D:1      | Hekarica the Mummy Fire Elementalist began the quest for the Orb.
     0 | D:1      | Reached XP level 1. HP: 13/13 MP: 4/4
   170 | D:1      | Reached skill level 1 in Conjurations
   200 | D:1      | Reached XP level 2. HP: 4/19 MP: 0/5
   470 | D:1      | Reached skill level 3 in Spellcasting
  1085 | D:1      | Learned a level 2 spell: Throw Flame
  1087 | D:1      | Learned a level 1 spell: Flame Tongue
  1148 | D:2      | Reached XP level 3. HP: 24/24 MP: 1/7
  1558 | D:2      | Slain by a worm

Skill      XL: |  1  2  3 |
---------------+----------+-----
Conjurations   | 1 2 |  2.0
Spellcasting   | 3 |  3.3
Stealth        | 2 |  2.2
Dodging        | 2 |  2.0
Fire Magic     | |  2.4

Action                   || total
-------------------------++-------
Melee: Club              ||    44
       Unarmed           ||     2
 Cast: Flame Tongue      ||    24
       Throw Flame       ||    12
  Use: Scroll            ||     4
Armor: Robe              ||     8
Dodge: Dodged            ||    33
